 Dungeon Crawl Stone Soup version 0.20.1-1-g8b1a95d (webtiles) character file.

1556 Irenicus the Fighter (level 8, -1/82 HPs)
             Began as a Deep Dwarf Monk on Oct 18, 2017.
             Was a Priest of Makhleb.
             Slain by an orc warrior
             ... wielding a +0 halberd
              (11 damage)
             ... on level 7 of the Dungeon.
             The game lasted 00:13:06 (4651 turns).

Irenicus the Fighter (Deep Dwarf Monk)              Turns: 4651, Time: 00:13:07

Health: -1/82      AC:  4    Str: 15    XL:     8   Next: 58%
Magic:  0/0        EV: 14    Int: 11    God:    Makhleb [***...]
Gold:   245        SH:  0    Dex: 17    Spells: 7/7 levels left

rFire    . . .     SeeInvis .     - Unarmed
rCold    . . .     Gourm    .   (no shield)
rNeg     . . .     Faith    .   a - +0 robe
rPois    .         Spirit   .   (no helmet)
rElec    .         Reflect  .   (no cloak)
rCorr    .         Harm     .   l - +1 pair of gloves
MR       +....                  (no boots)
Stlth    ++........             (no amulet)
Regen    0.0/turn               (no ring)
MPRegen  0.1/turn               (no ring)

@: non-regenerating
A: damage resistance, heal wounds, sense surroundings 1, no regeneration
a: Heal Wounds, Minor Destruction, Lesser Servant of Makhleb, Renounce Religion


You were on level 7 of the Dungeon.
You worshipped Makhleb.
Makhleb was most pleased with you.
You were hungry.

You visited 2 branches of the dungeon, and saw 8 of its levels.

You collected 299 gold pieces.
You spent 54 gold pieces at shops.

Inventory:

Armour
 a - a +0 robe (worn)
 l - a +1 pair of gloves (worn)
Jewellery
 e - an uncursed amulet of harm
Wands
 k - a wand of polymorph (4/24)
Scrolls
 c - a scroll of fog {unknown}
 f - 5 scrolls of identify {unknown}
 g - a scroll of enchant armour {unknown}
 h - 2 scrolls of immolation {unknown}
 j - 4 scrolls of remove curse {unknown}
 o - a scroll of fear {unknown}
 q - a scroll of magic mapping {unknown}
 r - 2 scrolls of noise {unknown}
 s - a scroll of teleportation {unknown}
 v - a scroll of random uselessness {unknown}
 w - a scroll of enchant weapon {unknown}
 x - a scroll of vulnerability {unknown}
Potions
 d - a potion of agility
 m - a potion of might
 p - 2 potions of curing {unknown}
 t - a potion of flight
 z - a potion of heal wounds
Comestibles
 b - 5 bread rations
 i - 6 royal jellies
 n - 3 meat rations
 u - 5 fruits


   Skills:
 + Level 8.7 Fighting
 - Level 3.2 Dodging
 - Level 3.0 Stealth
 - Level 6.0 Unarmed Combat
 + Level 0.3 Invocations


You had 7 spell levels left.
You didn't know any spells.

Dungeon Overview and Level Annotations

Branches:
Dungeon (7/15)             Temple (1/1) D:5

Altars:
Ashenzari
Cheibriados
Dithmenos
Elyvilon
Fedhas
Gozag
Hepliaklqana
Makhleb
Nemelex Xobeh
Qazlal
Sif Muna
Uskayaw
Vehumet
Xom
Yredelemnul
Zin
The Shining One

Shops:
D:2 *   D:4 *   D:5 *


Innate Abilities, Weirdness & Mutations

You are resistant to damage.
You can heal yourself by infusing magical energy.
You passively map a small area around you.
You do not regenerate.


Message History

You kill the orc!
Makhleb accepts your kill.
You feel better.
The orc warrior hits you from afar with a halberd!
You hit the orc.
The orc is almost dead.
You punch the orc!
You kill the orc!
Makhleb accepts your kill.
The orc warrior hits you from afar with a halberd!
* * * LOW HITPOINT WARNING * * *
The orc barely misses you.
The orc warrior hits you with a halberd!
* * * LOW HITPOINT WARNING * * *
Items here: )) [ † a club; a dagger; a leather armour; an orc corpse You hit the orc warrior but do no damage.
The orc closely misses you.
The orc warrior hits you with a halberd!
You die...

* , , .. ... ##.# ,.. ...,
* * ##..## ##. .# ... ,
.....##... .##.#, ,
.....#..* # ...# * ,
.......* * #.#..## ,## *
.....# *#..oo.# #... ,
.....# #@.#....., , *
.....# , , #........
..<..### , * #.#......
.......# , ##.##..... ,
.......# , *#...#..... *
.......#* * #...# .... ,
.....[.########...#..... ,
,
........................,,
.......############....,


You could see an orc warrior and an orc.

Vanquished Creatures
  Grinder (D:5)
  Eustachio (D:5)
  Menkaure (D:5)
  Duvessa (D:5)
  A phantom (D:6)
  A centaur (D:6)
  A bullfrog (D:6)
  Dowan (D:5)
  A bullfrog zombie (D:5)
  A crimson imp (D:5)
  4 hounds
  A centaur skeleton (D:4)
  2 iguanas
  4 orc wizards
  4 worker ants
  A hound zombie (D:7)
  8 gnolls (D:6)
  5 adders
  2 shadow imps (D:6)
  2 oozes
  An adder zombie (D:6)
  3 worms
  6 dart slugs
  A leopard gecko (D:5)
  10 orcs
  6 bats
  4 giant cockroaches
  4 hobgoblins
  6 jackals
  10 kobolds
  2 ball pythons
  8 frilled lizards
  2 goblins
  A quokka skeleton (D:6)
  3 rats
110 creatures vanquished.

Notes
Turn   | Place    | Note
-------+----------+-------------------------------------------
     0 | D:1      | Irenicus the Deep Dwarf Monk began the quest for the Orb.
     0 | D:1      | Reached XP level 1. HP: 20/20 MP: 1/1
   104 | D:1      | Reached XP level 2. HP: 27/27 MP: 2/2
   603 | D:2      | Found Zin's Purification Station.
   607 | D:2      | Found a glowing silver altar of Zin.
   619 | D:2      | Reached XP level 3. HP: 23/33 MP: 3/3
  1335 | D:3      | Found a white marble altar of Elyvilon.
  1451 | D:3      | Reached XP level 4. HP: 29/40 MP: 4/4
  1812 | D:3      | HP: 1/40 [worm (10)]
  1821 | D:3      | HP: 2/40 [worm (10)]
  2147 | D:4      | Found a shadowy altar of Dithmenos.
  2169 | D:4      | Reached skill level 5 in Unarmed Combat
  2169 | D:4      | Reached XP level 5. HP: 23/46 MP: 3/3
  2235 | D:4      | Found a blossoming altar of Fedhas.
  2359 | D:4      | Found a shattered altar of Ashenzari.
  2388 | D:4      | Found Taruma's Assorted Antiques.
  2391 | D:4      | Bought a metallic sapphire potion for 27 gold pieces
  2391 | D:4      | Bought a green potion for 27 gold pieces
  2433 | D:4      | Found a hide-covered altar of Uskayaw.
  2435 | D:4      | Noticed a hand axe
  2435 | D:4      | Noticed a hand axe
  2755 | D:5      | Entered Level 5 of the Dungeon
  2777 | D:5      | Found a staircase to the Ecumenical Temple.
  2803 | Temple   | Entered the Ecumenical Temple
  2870 | Temple   | Became a worshipper of Makhleb the Destroyer
  2870 | Temple   | Reached * piety under Makhleb
  2870 | Temple   | Reached ** piety under Makhleb
  2897 | D:5      | Noticed Duvessa
  2897 | D:5      | Noticed Dowan
  2904 | D:5      | Noticed Eustachio
  2995 | D:5      | Found Xeron's Assorted Antiques.
  3053 | D:5      | Reached skill level 3 in Fighting
  3053 | D:5      | Reached XP level 6. HP: 32/56 MP: 1/1
  3098 | D:5      | Killed Dowan
  3112 | D:5      | Killed Duvessa
  3112 | D:5      | Reached skill level 4 in Fighting
  3208 | D:5      | HP: 2/58 [Eustachio/rapier (4)]
  3236 | D:5      | Killed Eustachio
  3236 | D:5      | Reached skill level 5 in Fighting
  3236 | D:5      | Reached XP level 7. HP: 67/67 MP: 2/2
  3268 | D:5      | Noticed Grinder
  3271 | D:5      | Paralysed by Grinder for 3 turns
  3288 | D:5      | Paralysed by Grinder for 6 turns
  3295 | D:5      | Killed Grinder
  3295 | D:5      | Reached skill level 6 in Fighting
  3384 | D:5      | Noticed Menkaure
  3397 | D:5      | Killed Menkaure
  3411 | D:5      | Reached XP level 8. HP: 62/78 MP: 1/1
  3428 | D:5      | Reached skill level 7 in Fighting
  3956 | D:6      | HP: 3/81 [centaur (2)]
  3957 | D:6      | Reached skill level 8 in Fighting
  4217 | D:6      | Reached *** piety under Makhleb
  4323 | D:6      | HP: 4/81 [phantom (4)]
  4651 | D:7      | Slain by an orc warrior

Skill      XL: |  1  2  3  4  5  6  7  8 |
---------------+-------------------------+-----
Unarmed Combat | 3 4 5 6 |  6.0
Stealth        | 3 |  3.0
Fighting       | 3 5 6 8 |  8.7
Dodging        | |  3.2
Invocations    | |  0.3

Action                   |  1- 3 |  4- 6 |  7- 9 || total
-------------------------+-------+-------+-------++-------
Melee: Unarmed           |   204 |   218 |   198 ||   620
       Punch             |     3 |     1 |     5 ||     9
Invok: Minor Destruction |       |       |     1 ||     1
 Abil: Heal Wounds       |     1 |    12 |     6 ||    19
  Use: Potion            |     1 |     6 |       ||     7
 Stab: Sleeping          |     6 |     5 |     3 ||    14
       Distracted        |       |     1 |       ||     1
  Eat: Chunk             |     2 |     6 |     4 ||    12
Armor: Robe              |    32 |    46 |    19 ||    97
       Skin              |       |    25 |     1 ||    26
Dodge: Dodged            |   123 |   133 |   126 ||   382
